cohdb
Replays
Latest Replays
All Replays
Popular Replays
Top Player Replays
Match Explorer
How It Works
Community
CoH3 Stats
Reddit
Sign in to upload your games and track your stats! →
Sign in with Steam
Match 38762302
Unlisted
Match 38762302
Overview
Messages
Build Orders
End
Construct Section Command Post
Selects Air and Sea Battlegroup
Royal Engineer Section
Infantry Section
Vickers Machine Gun Team
Grenade Package
Infantry Section
ML 3-inch Mortar Team
Construct Platoon Command Post
Selects Commando Section Paradrop
Selects M1 Pack Howitzer Paradrop
Humber Armored Car
Commando Section Paradrop
M1 Pack Howitzer Paradrop
Construct Company Command Post
Unlock M3 Grant Medium Tanks
M3 Grant Medium Tank
Selects Incendiary Bombing Run
Incendiary Bombing Run
6-pounder Anti-tank Gun Team
M3 Grant Medium Tank
Incendiary Bombing Run
Royal Engineer Section
Selects Naval Blockade
Selects Centaur Medium Tank
Incendiary Bombing Run
M3 Grant Medium Tank
Incendiary Bombing Run
M3 Grant Medium Tank
Royal Engineer Section
matjouz
Sarmynation
[AFIP] zadi_soje
Anpassungsstörung
0
0
Comments
sign in to comment!
No comments posted yet!